 Dungeon Crawl Stone Soup version 0.28-a0-199-g298df9dbad (webtiles) character file.

Game seed: 4028531470213518059

84 Whiskey the Skirmisher (level 4, -3/36 HPs)
             Began as a Demonspawn Fighter on Aug 19, 2021.
             Slain by Robin (5 damage)
             ... on level 3 of the Dungeon.
             The game lasted 00:02:34 (1659 turns).

Whiskey the Skirmisher (Demonspawn Fighter)         Turns: 1659, Time: 00:02:34

Health: -3/36      AC:  9    Str: 17    XL:     4   Next: 23%
Magic:  4/4        EV:  7    Int: 10    God:
Gold:   69         SH:  8    Dex: 12    Spells: 3/3 levels left

rFire   . . .      SeeInvis .   a - +0 war axe
rCold   . . .      Faith    .   c - +0 kite shield
rNeg    . . .      Spirit   .   b - +0 scale mail
rPois   .          Reflect  .   (no helmet)
rElec   .          Harm     .   (no cloak)
rCorr   .          Rampage  .   (no gloves)
Will    .....                   (no boots)
Stlth   ..........              (no amulet)
HPRegen 0.12/turn               (no ring)
MPRegen 0.09/turn               (no ring)

@: no status effects
A: molten scales 2
a: no special abilities


You were on level 3 of the Dungeon.
You visited 1 branch of the dungeon, and saw 3 of its levels.

You collected 69 gold pieces.

Inventory:

Hand Weapons
 a - a +0 war axe (weapon)
Armour
 b - a +0 scale mail (worn)
 c - a +0 kite shield (worn)
Magical Staves
 m - a staff of poison {rPois}
   (You found it on level 2 of the Dungeon)
Jewellery
 k - a ring of flight {+Fly, !d}
   (You found it on level 2 of the Dungeon)
Scrolls
 e - 2 scrolls of amnesia {unknown}
 f - a scroll of teleportation {unknown}
 g - a scroll of magic mapping {unknown}
 j - a scroll of silence {unknown}
 l - a scroll of identify {unknown}
Potions
 d - a potion of might
 h - 2 potions of ambrosia {unknown}
 i - a potion of curing {unknown}


   Skills:
 + Level 3.6 Fighting
 + Level 2.6 Axes
 + Level 3.3 Armour
 + Level 3.2 Shields


You had 3 spell levels left.
You didn't know any spells.
Your spell library contained the following spells:

 Spells                   Type           Power      Damage    Failure   Level
 Slow                     Hex            0%         N/A       100%        2
 Confusing Touch          Hex            0%         N/A       100%        3
 Yara's Violent Unravell  Hex/Tmut       0%         3d3       100%        5


Dungeon Overview and Level Annotations

Branches:
Dungeon (3/15)

Altars:
Ru

Annotations:
D:3 Robin


Innate Abilities, Weirdness & Mutations

You are mostly covered in molten scales. (AC +3)


Message History

You closely miss the goblin. x2; You hit the hobgoblin.
The hobgoblin closely misses you. The goblin hits you but does no damage.
The goblin hits you with a +0 dagger.
A goblin comes into view. It is wielding a +0 club.
You block the hobgoblin's attack.
You slash the goblin!
You kill the goblin!
You hit the goblin but do no damage. You hit the hobgoblin.
You block the goblin's attack. You block the hobgoblin's attack.
The goblin hits you with a +0 club.
You hit the hobgoblin but do no damage.
Your shield and scale mail prevent you from hitting the goblin.
You block the hobgoblin's attack. The goblin completely misses you.
Robin throws the goblin at you! The goblin barely misses you.
The hobgoblin hits you.
You slash the hobgoblin!
You kill the hobgoblin!
You barely miss the goblin. You closely miss the goblin.
You block the goblin's attack. x2; You block the hobgoblin's attack.
You block the goblin's attack. The goblin hits you but does no damage.
You slash the goblin!
You kill the goblin!
You hit the hobgoblin.
You kill the hobgoblin!
You closely miss the goblin. The goblin barely misses you.
You barely miss Robin. You hit the hobgoblin but do no damage.
You closely miss the goblin. You block the goblin's attack.
The hobgoblin hits you but does no damage.
You block the hobgoblin's attack. The goblin hits you with a +0 club.
You barely miss Robin. You barely miss the hobgoblin. You slash the goblin!
You kill the goblin!
The goblin no longer looks unusually strong. x2
Robin roars a battlecry!
The goblins go into a battle-frenzy!
You block the hobgoblin's attack. Robin hits you with a +0 club.
You block the hobgoblin's attack.
You barely miss Robin. You closely miss the hobgoblin.
Robin throws the goblin at you! You block the hobgoblin's attack.
The goblin hits you with a +0 club.
You are too injured to fight recklessly!
You are too injured to fight recklessly!
You are too injured to fight recklessly!
You are too injured to fight recklessly!
You are too injured to fight recklessly!
You are too injured to fight recklessly!
You are too injured to fight recklessly!
You are too injured to fight recklessly!
You take 18 damage, and have 17/35 hp.
MASSIVE DAMAGE!!
You are too injured to fight recklessly!
You are too injured to fight recklessly!
You are too injured to fight recklessly!
You are too injured to fight recklessly!
You are too injured to fight recklessly!
You are too injured to fight recklessly!
You are too injured to fight recklessly!
You are too injured to fight recklessly!
You are too injured to fight recklessly!
You are too injured to fight recklessly!
You are too injured to fight recklessly!
You are too injured to fight recklessly!
You are too injured to fight recklessly!
You are too injured to fight recklessly!
You are too injured to fight recklessly!
You are too injured to fight recklessly!
You are too injured to fight recklessly!
You are too injured to fight recklessly!
You are too injured to fight recklessly!
You are too injured to fight recklessly!
You are too injured to fight recklessly!
You are too injured to fight recklessly!
You hit Robin but do no damage. You barely miss the goblin.
You hit the hobgoblin. The hobgoblin hits you. You block the goblin's attack.
Robin hits you but does no damage. You block the hobgoblin's attack.
You block the goblin's attack.
You take 3 damage, and have 14/35 hp.
You hit Robin. You slash the hobgoblin!
You kill the hobgoblin!
You hit the goblin.
You kill the goblin!
Robin hits you but does no damage. You block the goblin's attack.
You hit Robin but do no damage. You hit the goblin.
Robin throws the goblin at you! The goblin hits you with a +0 club.
* * * LOW HITPOINT WARNING * * *
You block the goblin's attack.
You take 7 damage, and have 7/35 hp.
You hit Robin but do no damage. You slash the goblin!
You kill the goblin!
You closely miss the goblin. The goblin hits you with a +0 club.
* * * LOW HITPOINT WARNING * * *
You block Robin's attack. The goblin closely misses you.
You block Robin's attack.
You take 5 damage, and have 2/36 hp.
You barely miss Robin. You hit the goblin but do no damage.
You block the goblin's attack. Robin throws the goblin at you!
The goblin hits you but does no damage.
Okay, then.
You slash Robin! You slash the goblin!
You kill the goblin!
Robin hits you with a +0 club.
You die...

.. #. ..
#. #.##
######..#
......)g#
#@# #)#
#.# #.#
#.# #<#
###


You could see Robin.

Vanquished Creatures
  An adder (D:2)
  A dart slug (D:2)
  4 orcs (D:2)
  5 ball pythons
  3 bats
  4 endoplasms
  A giant cockroach (D:1)
  10 goblins
  13 hobgoblins
  4 jackals (D:1)
  7 kobolds
  A quokka (D:1)
  A frilled lizard (D:2)
  4 rats
59 creatures vanquished.

Notes
Turn   | Place    | Note
-------+----------+-------------------------------------------
     0 | D:1      | Whiskey the Demonspawn Fighter began the quest for the Orb.
     0 | D:1      | Reached XP level 1. HP: 18/18 MP: 1/1
    70 | D:1      | Reached skill level 2 in Axes
    70 | D:1      | Gained mutation: You are partially covered in molten
                  | scales. (AC +2) [demonic ancestry]
    70 | D:1      | Reached XP level 2. HP: 19/24 MP: 2/2
   343 | D:1      | Reached skill level 3 in Armour
   378 | D:1      | Reached skill level 3 in Shields
   504 | D:1      | Gained mutation: You are mostly covered in molten scales.
                  | (AC +3) [demonic ancestry]
   504 | D:1      | Reached XP level 3. HP: 26/29 MP: 3/3
   696 | D:1      | Found a faded altar of an unknown god.
  1233 | D:2      | Found a sacrificial altar of Ru.
  1535 | D:2      | Reached XP level 4. HP: 35/35 MP: 4/4
  1641 | D:3      | Noticed Robin
  1656 | D:3      | HP: 7/35 [goblin[Robin] (5)]
  1657 | D:3      | HP: 2/35 [goblin[Robin] (6)]
  1659 | D:3      | Slain by Robin

Illustrated notes

Levels and vault maps discovered:
D:1:      dpeg_arrival_rooms_with_view, layout_loops_ring,
          shapermc_ecumenical_altar_totnotflames, minmay_misc_feat_four_crosses
D:2:      layout_basic, basic_altar, minivault_14, grunt_decor_junction
D:3:      layout_basic, nicolae_overflow_crystal_walls, st_stairs_2,
          uniq_natasha, uniq_robin

Skill      XL: |  1  2 |
---------------+-------+-----
Axes           | 2 |  2.6
Armour         | 3 |  3.3
Shields        | 3 |  3.2
Fighting       | |  3.6

Action                   |  1- 3 |  4- 6 || total
-------------------------+-------+-------++-------
Melee: War axe           |   156 |    16 ||   172
Armor: Scale mail        |   100 |     9 ||   109
Dodge: Dodged            |    49 |     8 ||    57
Block: Kite shield       |    79 |    23 ||   102

Table legend: (Time is in decaauts)
 A = Elapsed time spent in this place.
 B = Non-inter-level travel time spent in this place.
 C = Inter-level travel time spent in this place.
 D = Time resting spent in this place.
 E = Time spent auto-exploring this place.
 F = Levels seen in this place.
 G = Mean time per level.
                   A        B        C        D        E       F      G
               +--------+--------+--------+--------+--------+-----+--------+
         Total |   1768 |   1710 |     58 |      0 |   1292 |   3 |  589.3 |
       Dungeon |   1768 |   1710 |     58 |      0 |   1292 |   3 |  589.3 |
               +--------+--------+--------+--------+--------+-----+--------+

Top non-repeatable levels by time:
     D:1: 1058 daAuts
     D:2: 680 daAuts
     D:3: 29 daAuts

Table legend:
 A = Kills in this place as a percentage of kills in entire the game.
 B = Kills by you in this place as a percentage of kills by you in the entire game.
 C = Kills by friends in this place as a percentage of kills by friends in the entire game.
 D = Other kills in this place as a percentage of other kills in the entire game.
 E = Experience gained in this place as a percentage of experience gained in the entire game.
 F = Experience gained in this place divided by the number of levels of this place that you have seen.
                   A       B       C       D       E      F
               +-------+-------+-------+-------+-------+----------------------
         Total | 100.0 | 100.0 |   N/A |   N/A | 100.0 |  40.7
       Dungeon | 100.0 | 100.0 |   N/A |   N/A | 100.0 |  40.7
               +-------+-------+-------+-------+-------+----------------------
